MID
WISCONSIN TIMBER RATTLERS @ FORT WAYNE TINCAPS
07/28/2047
 
TOP OF THE 1ST
Wisconsin Timber Rattlers batting - Pitching for Fort Wayne TinCaps : LHP Dae-Jung Cho
Pitching: LHP Dae-Jung Cho
Batting: SHB Aaron Neill 0-0: Swinging Strike
0-1: Foul Ball, location: 2F
0-2: Strikes out swinging
Batting: SHB Craig Wright 0-0: Ball
1-0: Ball
2-0: Foul Ball, location: 2F
2-1: Ball
3-1: Foul Ball, location: 2F
3-2: Fly out, F7 (Flyball, 7, EV 90.0 MPH)
Batting: LHB Jason Raker 0-0: Fly out, F8 (Line Drive, 8RM, EV 93.1 MPH)
Top of the 1st over - 0 runs, 0 hits, 0 errors, 0 left on base; Wisconsin 0 - Fort Wayne 0
BOTTOM OF THE 1ST
Fort Wayne TinCaps batting - Pitching for Wisconsin Timber Rattlers : RHP Zack Sharp
Pitching: RHP Zack Sharp
Batting: SHB Yutaro Takahashi 0-0: Bunt missed!
0-1: Ball
1-1: Foul Ball, location: 2F
1-2: Strikes out swinging, 2-3 out at first.
Batting: RHB Tak-keung Chieu 0-0: Ball
1-0: Called Strike
1-1: Fly out, F6 (Popup, 6D, EV 64.4 MPH)
Batting: LHB Carlos Cuellar 0-0: Ball
1-0: Ball
2-0: Ball
3-0: Called Strike
3-1: Base on Balls
Batting: RHB Freddie Brown 0-0: Ground out 5-3 (Groundball, 56S, EV 83.1 MPH)
Bottom of the 1st over - 0 runs, 0 hits, 0 errors, 1 left on base; Wisconsin 0 - Fort Wayne 0
TOP OF THE 2ND
Wisconsin Timber Rattlers batting - Pitching for Fort Wayne TinCaps : LHP Dae-Jung Cho
Batting: SHB Justin Hensley 0-0: Called Strike
0-1: Swinging Strike
0-2: Strikes out swinging
Batting: LHB Karel Hort 0-0: Called Strike
0-1: Swinging Strike
0-2: Ball
1-2: Ball
2-2: Ball
3-2: Foul Ball, location: 2F
3-2: Strikes out swinging
Batting: RHB Dusty Bates 0-0: Ball
1-0: Ball
2-0: Ball
3-0: Called Strike
3-1: Foul Ball, location: 2F
3-2: Ground out 6-3 (Groundball, 6, EV 95.6 MPH)
Top of the 2nd over - 0 runs, 0 hits, 0 errors, 0 left on base; Wisconsin 0 - Fort Wayne 0
BOTTOM OF THE 2ND
Fort Wayne TinCaps batting - Pitching for Wisconsin Timber Rattlers : RHP Zack Sharp
Batting: RHB Brian DeVoe 0-0: Ball
1-0: Ball
2-0: Swinging Strike
2-1: Ball
3-1: Foul Ball, location: 2F
3-2: Foul Ball, location: 2F
3-2: Foul Ball, location: 2F
3-2: Foul Ball, location: 2F
3-2: Ground out 4-3 (Groundball, 4MS, EV 78.8 MPH)
Batting: RHB John Freeman 0-0: Called Strike
0-1: Called Strike
0-2: Strikes out looking
Batting: RHB Phil McFadden 0-0: Foul Ball, location: 2F
0-1: Swinging Strike
0-2: Ball
1-2: Ball
2-2: Ground out 4-3 (Groundball, 4MS, EV 81.9 MPH)
Bottom of the 2nd over - 0 runs, 0 hits, 0 errors, 0 left on base; Wisconsin 0 - Fort Wayne 0
TOP OF THE 3RD
Wisconsin Timber Rattlers batting - Pitching for Fort Wayne TinCaps : LHP Dae-Jung Cho
Batting: LHB Umar Matoub 0-0: Called Strike
0-1: Ball
1-1: Called Strike
1-2: Strikes out swinging
Batting: RHB Alfredo Sena 0-0: Called Strike
0-1: Swinging Strike
0-2: Ball
1-2: Foul Ball, location: 2F
1-2: Fly out, F9 (Flyball, 89S, EV 80.0 MPH)
Batting: RHB Dan Allred 0-0: Called Strike
0-1: Ball
1-1: Called Strike
1-2: Ball
2-2: Strikes out swinging
Top of the 3rd over - 0 runs, 0 hits, 0 errors, 0 left on base; Wisconsin 0 - Fort Wayne 0
BOTTOM OF THE 3RD
Fort Wayne TinCaps batting - Pitching for Wisconsin Timber Rattlers : RHP Zack Sharp
Batting: RHB Kyle Ashton 0-0: Foul Ball, location: 2F
0-1: Foul Ball, location: 2F
0-2: Ground out 5-3 (Groundball, 56, EV 98.8 MPH)
Batting: RHB Ed Oake 0-0: SINGLE (Line Drive, 56, EV 96.2 MPH)
Batting: SHB Yutaro Takahashi 0-0: Foul Ball, location: 2F
0-1: Fly out, F8 (Flyball, 89D, EV 98.1 MPH)
Batting: RHB Tak-keung Chieu 0-0: Ball
1-0: Foul Ball, location: 2F
1-1: DOUBLE (Flyball, 89XD, EV 101.9 MPH)
Ed Oake to third
Batting: LHB Carlos Cuellar 0-0: Swinging Strike
0-1: Ground out U3 (Groundball, 3, EV 102.5 MPH)
Bottom of the 3rd over - 0 runs, 2 hits, 0 errors, 2 left on base; Wisconsin 0 - Fort Wayne 0
TOP OF THE 4TH
Wisconsin Timber Rattlers batting - Pitching for Fort Wayne TinCaps : LHP Dae-Jung Cho
Batting: SHB Aaron Neill 0-0: Called Strike
0-1: Swinging Strike
0-2: Strikes out swinging
Batting: SHB Craig Wright 0-0: Ball
1-0: Swinging Strike
1-1: Ground out 1-3 (Groundball, 34S, EV 68.1 MPH)
Batting: LHB Jason Raker 0-0: Ball
1-0: Ball
2-0: Ball
3-0: Base on Balls
Batting: SHB Justin Hensley 0-0: Fly out, F4 (Flyball, 34D, EV 86.9 MPH)
Top of the 4th over - 0 runs, 0 hits, 0 errors, 1 left on base; Wisconsin 0 - Fort Wayne 0
BOTTOM OF THE 4TH
Fort Wayne TinCaps batting - Pitching for Wisconsin Timber Rattlers : RHP Zack Sharp
Batting: RHB Freddie Brown 0-0: Called Strike
0-1: Swinging Strike
0-2: Foul Ball, location: 2F
0-2: Ball
1-2: Foul Ball, location: 2F
1-2: Ball
2-2: DOUBLE (Flyball, 8RXD, EV 92.5 MPH)
Batting: RHB Brian DeVoe 0-0: Ground out 5-3 (Groundball, 56S, EV 83.1 MPH)
Batting: RHB John Freeman 0-0: Ball
1-0: Called Strike
Freddie Brown steals 3rd base
1-1: Ball
2-1: Ball
3-1: Foul Ball, location: 2F
3-2: Ground out 6-3 (Groundball, 56, EV 80.0 MPH)
Freddie Brown scores
Batting: RHB Phil McFadden 0-0: Ball
1-0: Ground out 4-3 (Groundball, 13, EV 80.6 MPH)
Bottom of the 4th over - 1 run, 1 hit, 0 errors, 0 left on base; Wisconsin 0 - Fort Wayne 1
TOP OF THE 5TH
Wisconsin Timber Rattlers batting - Pitching for Fort Wayne TinCaps : LHP Dae-Jung Cho
Batting: LHB Karel Hort 0-0: Ball
1-0: Ball
2-0: Ball
3-0: Base on Balls
Batting: RHB Dusty Bates 0-0: Hit by Pitch
Karel Hort to second
Batting: LHB Umar Matoub 0-0: Called Strike
0-1: Swinging Strike
0-2: Strikes out looking
Batting: RHB Alfredo Sena 0-0: Fly out, F9 (Flyball, 9D, EV 93.1 MPH)
Runner from 2nd tags up, SAFE at 3rd, no throw by RF
Batting: RHB Dan Allred 0-0: Called Strike
0-1: Ball
1-1: Ball
2-1: TRIPLE (Flyball, 9LD, EV 108.8 MPH)
Karel Hort scores
Dusty Bates scores
Batting: SHB Aaron Neill 0-0: Ball
1-0: Foul Ball, location: 2F
1-1: Ball
2-1: Foul Ball, location: 2F
2-2: Foul Ball, location: 2F
2-2: Foul Ball, location: 2F
2-2: Ground out 6-3 (Groundball, 6, EV 101.2 MPH)
Top of the 5th over - 2 runs, 1 hit, 0 errors, 1 left on base; Wisconsin 2 - Fort Wayne 1
BOTTOM OF THE 5TH
Fort Wayne TinCaps batting - Pitching for Wisconsin Timber Rattlers : RHP Zack Sharp
Batting: RHB Kyle Ashton 0-0: Called Strike
0-1: Foul Ball, location: 2F
0-2: Ball
1-2: SOLO HOME RUN (Flyball, 7D, EV 95.0 MPH), Distance : 373 ft
Batting: RHB Ed Oake 0-0: Ground out 6-3 (Groundball, 6, EV 85.6 MPH)
Batting: SHB Yutaro Takahashi 0-0: Foul Ball, location: 2F
0-1: Foul Ball, location: 2F
0-2: Foul Ball, location: 2F
0-2: Ball
1-2: Fly out, F8 (Flyball, 89XD, EV 82.5 MPH)
Batting: RHB Tak-keung Chieu 0-0: Ball
1-0: Called Strike
1-1: Swinging Strike
1-2: SINGLE (Line Drive, 34D, EV 106.9 MPH)
Batting: LHB Carlos Cuellar 0-0: Swinging Strike
0-1: Fly out, F8 (Line Drive, 8LS, EV 97.5 MPH)
Bottom of the 5th over - 1 run, 2 hits, 0 errors, 1 left on base; Wisconsin 2 - Fort Wayne 2
TOP OF THE 6TH
Wisconsin Timber Rattlers batting - Pitching for Fort Wayne TinCaps : LHP Dae-Jung Cho
Batting: SHB Craig Wright 0-0: Ball
1-0: Called Strike
1-1: Ball
2-1: Swinging Strike
2-2: Foul Ball, location: 2F
2-2: SINGLE (Groundball, 4, EV 98.8 MPH)
Batting: LHB Jason Raker 0-0: Fly out, F7 (Line Drive, 78M, EV 95.0 MPH)
Batting: SHB Justin Hensley 0-0: Ball
1-0: Ball
Wild Pitch!
Craig Wright to second
2-0: Called Strike
2-1: Foul Ball, location: 2F
2-2: Strikes out swinging, 2-3 out at first.
Pitching: LHP Dan Gatlin
Batting: LHB Karel Hort 0-0: Fly out, F7 (Flyball, 7LS, EV 80.6 MPH)
Top of the 6th over - 0 runs, 1 hit, 0 errors, 1 left on base; Wisconsin 2 - Fort Wayne 2
BOTTOM OF THE 6TH
Fort Wayne TinCaps batting - Pitching for Wisconsin Timber Rattlers : RHP Zack Sharp
Batting: RHB Freddie Brown 0-0: Ball
1-0: Ball
2-0: Fly out, F8 (Flyball, 8RS, EV 81.2 MPH)
Batting: RHB Brian DeVoe 0-0: Ball
1-0: Called Strike
1-1: Foul Ball, location: 2F
1-2: Ground out U3 (Groundball, 3, EV 87.5 MPH)
Batting: RHB John Freeman 0-0: Ball
1-0: Ball
2-0: Ball
3-0: Base on Balls
Batting: RHB Phil McFadden 0-0: Called Strike
0-1: Foul Ball, location: 2F
0-2: Ball
John Freeman is caught stealing 2nd base 2-4
Bottom of the 6th over - 0 runs, 0 hits, 0 errors, 0 left on base; Wisconsin 2 - Fort Wayne 2
TOP OF THE 7TH
Wisconsin Timber Rattlers batting - Pitching for Fort Wayne TinCaps : LHP Dan Gatlin
Batting: RHB Dusty Bates 0-0: Ball
1-0: Called Strike
1-1: Called Strike
1-2: Foul Ball, location: 2F
1-2: Ball
2-2: Ground out U3 (Groundball, 3, EV 88.1 MPH)
Batting: LHB Umar Matoub 0-0: SINGLE (Groundball, 34D, EV 105.0 MPH)
Batting: RHB Alfredo Sena 0-0: Grounds into double play, 6-4-3 (Groundball, 6, EV 88.8 MPH)
Top of the 7th over - 0 runs, 1 hit, 0 errors, 0 left on base; Wisconsin 2 - Fort Wayne 2
BOTTOM OF THE 7TH
Fort Wayne TinCaps batting - Pitching for Wisconsin Timber Rattlers : RHP Zack Sharp
Pitching: RHP Jose Montoya
Batting: RHB Phil McFadden 0-0: Ball
1-0: Called Strike
1-1: Ball
2-1: Swinging Strike
2-2: Ball
3-2: Strikes out looking
Batting: RHB Kyle Ashton 0-0: Ball
1-0: Swinging Strike
1-1: DOUBLE (Flyball, 7LD, EV 103.8 MPH)
Batting: RHB Ed Oake 0-0: Ball
1-0: Ball
2-0: Ball
3-0: Called Strike
3-1: Base on Balls
Batting: SHB Yutaro Takahashi 0-0: Called Strike
0-1: Ball
1-1: Foul Ball, location: 2F
1-2: Foul Ball, location: 2F
1-2: Strikes out swinging
Batting: RHB Tak-keung Chieu 0-0: Ball
1-0: SINGLE (Flyball, 7S, EV 88.8 MPH)
Kyle Ashton to third
Ed Oake to second
Batting: LHB Carlos Cuellar 0-0: Ground out 4-3 (Groundball, 4, EV 85.6 MPH)
Bottom of the 7th over - 0 runs, 2 hits, 0 errors, 3 left on base; Wisconsin 2 - Fort Wayne 2
TOP OF THE 8TH
Wisconsin Timber Rattlers batting - Pitching for Fort Wayne TinCaps : LHP Dan Gatlin
Batting: RHB Dan Allred 0-0: Ball
1-0: Called Strike
1-1: Swinging Strike
1-2: Ball
2-2: TRIPLE (Groundball, 3L, EV 108.8 MPH)
Batting: SHB Aaron Neill 0-0: Called Strike
0-1: Ball
1-1: Ball
2-1: Ball
3-1: Called Strike
3-2: SINGLE (Groundball, 56, EV 103.8 MPH)
Dan Allred scores
Batting: SHB Craig Wright 0-0: Called Strike
Aaron Neill steals 2nd, throwing error, E2
Aaron Neill to third
0-1: Ball
1-1: Ball
2-1: SINGLE (Groundball, 34, EV 100.0 MPH) (infield hit)
Aaron Neill scores
Batting: LHB Jason Raker 0-0: Ball
1-0: Ball
2-0: Called Strike
2-1: Reached on error, E2 (Groundball, 2R, EV 75.0 MPH)
Craig Wright to second
Batting: SHB Justin Hensley 0-0: Ball
1-0: Ball
2-0: Called Strike
2-1: Ball
3-1: Base on Balls
Craig Wright to third
Jason Raker to second
Batting: LHB Karel Hort 0-0: Ball
1-0: Ball
2-0: Called Strike
2-1: Grounds into fielders choice 6-2 (Groundball, 6, EV 82.5 MPH)
Jason Raker to third
Justin Hensley to second
Batting: RHB Dusty Bates 0-0: Called Strike
0-1: Ball
1-1: Ball
2-1: Called Strike
2-2: Foul Ball, location: 2F
2-2: Foul Ball, location: 2F
2-2: Fly out, F9 (Flyball, 9S, EV 84.4 MPH)
Batting: LHB Umar Matoub 0-0: Foul Ball, location: 2F
0-1: Called Strike
0-2: Ground out 4-3 (Groundball, 4, EV 104.4 MPH)
Top of the 8th over - 2 runs, 3 hits, 2 errors, 3 left on base; Wisconsin 4 - Fort Wayne 2
BOTTOM OF THE 8TH
Fort Wayne TinCaps batting - Pitching for Wisconsin Timber Rattlers : RHP Jose Montoya
Batting: RHB Freddie Brown 0-0: Ball
1-0: DOUBLE (Line Drive, 9LD, EV 103.1 MPH)
Batting: RHB Brian DeVoe 0-0: Swinging Strike
0-1: Ball
1-1: Swinging Strike
1-2: Strikes out swinging
Batting: RHB John Freeman 0-0: Swinging Strike
0-1: Ball
1-1: Foul Ball, location: 2F
1-2: Ball
2-2: SINGLE (Line Drive, 56, EV 94.4 MPH)
Freddie Brown to third
Runner from 3rd tries for Home, SAFE, throw by LF to home
Pitching: LHP Matt Wojtkiewicz
Batting: RHB Phil McFadden 0-0: Fly out, F8 (Flyball, 8RD, EV 106.2 MPH)
Batting: RHB Kyle Ashton 0-0: Foul Ball, location: 2F
0-1: Swinging Strike
0-2: Fly out, F8 (Line Drive, 8RM, EV 96.2 MPH)
Bottom of the 8th over - 1 run, 2 hits, 0 errors, 1 left on base; Wisconsin 4 - Fort Wayne 3
TOP OF THE 9TH
Wisconsin Timber Rattlers batting - Pitching for Fort Wayne TinCaps : LHP Dan Gatlin
Pitching: RHP Colin Dorsey
Batting: RHB Alfredo Sena 0-0: Ball
1-0: Ball
2-0: Foul Ball, location: 2F
2-1: Swinging Strike
2-2: Ball
3-2: Ground out 5-3 (Groundball, 5S, EV 88.1 MPH)
Batting: RHB Dan Allred 0-0: Called Strike
0-1: Foul Ball, location: 2F
0-2: Ball
1-2: Strikes out swinging
Batting: SHB Aaron Neill 0-0: Swinging Strike
0-1: Swinging Strike
0-2: Foul Ball, location: 2F
0-2: Ball
1-2: Ball
2-2: Strikes out swinging
Top of the 9th over - 0 runs, 0 hits, 0 errors, 0 left on base; Wisconsin 4 - Fort Wayne 3
BOTTOM OF THE 9TH
Fort Wayne TinCaps batting - Pitching for Wisconsin Timber Rattlers : LHP Matt Wojtkiewicz
Pitching: RHP Drew Tollefsen
Now at 3B: Dustin Hartman
Now in RF: Sal Burgos
Batting: RHB Ed Oake 0-0: Swinging Strike
0-1: Ball
1-1: Foul Ball, location: 2F
1-2: Foul Ball, location: 2F
1-2: Ball
2-2: Strikes out looking
Batting: SHB Yutaro Takahashi 0-0: Ball
1-0: Ball
2-0: Ground out 4-3 (Groundball, 4, EV 79.4 MPH)
Batting: RHB Tak-keung Chieu 0-0: Foul Ball, location: 2F
0-1: Ball
1-1: Foul Ball, location: 2F
1-2: Foul Ball, location: 2F
1-2: Foul Ball, location: 2F
1-2: Ball
2-2: Ball
3-2: Base on Balls
Batting: LHB Carlos Cuellar 0-0: SINGLE (Groundball, 6MD, EV 96.2 MPH)
Tak-keung Chieu to second
Runner from 2nd tries for 3rd, OUT! 8-5
Bottom of the 9th over - 0 runs, 1 hit, 0 errors, 1 left on base; Wisconsin 4 - Fort Wayne 3
Thursday, December 15th , 2022 - OOTP Baseball 23.9 Build 102